 Dungeon Crawl Stone Soup version 0.27-a0-101-g3cb999cee2 (webtiles) character file.

Game seed: 16450038760988022376

2142 jasper the Zephyrmancer (level 9, -4/49 HPs)
             Began as a Tengu Air Elementalist on Jan 22, 2021.
             Was a Believer of Ashenzari.
             Slain by a wraith (10 damage)
             ... on level 7 of the Dungeon.
             The game lasted 00:11:22 (7855 turns).

jasper the Zephyrmancer (Tengu Air Elementalist)    Turns: 7855, Time: 00:11:22

Health: -4/49      AC:  2    Str:  9    XL:     9   Next: 30%
Magic:  11/17      EV: 14    Int: 18    God:    Ashenzari [**....]
Gold:   397        SH:  0    Dex: 15    Spells: 3/18 levels left

rFire    . . .     SeeInvis +   L - +2 dagger (venom)
rCold    . . .     Faith    .   (no shield)
rNeg     . . .     Spirit   .   a - +0 robe (curse)
rPois    .         Reflect  .   v - +0 hat (curse)
rElec    .         Harm     .   (no cloak)
rCorr    .         Rampage  .   (no gloves)
Will     .....                  (boots unavailable)
Stlth    ++........             s - amulet of magic regeneration (curse)
HPRegen  0.16/turn              m - ring of see invisible (curse)
MPRegen  0.40/turn              G - ring of wizardry (curse)

@: slowed, very slow
A: beak, talons 3, able to fly
a: Fly, Renounce Religion, Curse Item, Scrying


You were on level 7 of the Dungeon.
You worshipped Ashenzari.
Ashenzari was pleased with you.
You visited 2 branches of the dungeon, and saw 8 of its levels.

You collected 397 gold pieces.

Inventory:

Hand Weapons
 b - a +0 dagger
 d - a +0 hunting sling
 L - a +2 dagger of venom (weapon)
 O - a +1 vorpal scimitar
Missiles
 i - 299 stones
 j - 135 bolts
 k - 129 arrows
 H - a throwing net
 J - 2 silver javelins
 K - 4 silver boomerangs
Armour
 a - a cursed +0 robe (worn)
 v - a cursed +0 hat (worn)
 z - a +0 robe of cold resistance
 P - +0 steam dragon scales
Jewellery
 m - a cursed ring of see invisible (left hand)
 s - a cursed amulet of magic regeneration (around neck)
 E - an uncursed ring of flight
 G - a cursed ring of wizardry (right hand)
 I - an uncursed ring of willpower
Wands
 y - a wand of iceblast (7)
 C - a wand of flame (34)
 N - a wand of digging (8)
 Q - a wand of enslavement (6)
Scrolls
 c - 8 scrolls of teleportation
 e - 4 scrolls of magic mapping {unknown}
 f - 3 scrolls of identify {unknown}
 g - 2 scrolls of fear {unknown}
 p - a scroll of immolation {unknown}
 q - 4 scrolls of amnesia {unknown}
 t - a scroll of noise {unknown}
 w - 2 scrolls of enchant weapon {unknown}
 B - 5 scrolls of remove curse
 D - a scroll of fog {unknown}
 M - a scroll of enchant armour {unknown}
Potions
 h - 2 potions of brilliance
 l - 2 potions of might {unknown}
 n - a potion of invisibility {unknown}
 o - 6 potions of curing
 r - a potion of mutation {unknown}
 u - a potion of flight {unknown}
 x - 2 potions of attraction {unknown}
 A - a potion of magic {unknown}
 F - 2 potions of degeneration {unknown}


   Skills:
 + Level 2.9 Fighting
 + Level 4.1 Dodging
 - Level 2.0 Stealth
 - Level 5.0 Spellcasting
 * Level 9.1(11.3) Conjurations
 * Level 9.9(12.0) Air Magic
 + Level 0.9(2.2) Evocations


You had 3 spell levels left.
You knew the following spells:

 Your Spells              Type           Power        Failure   Level
a - Shock                 Conj/Air       100%         1%          1
b - Swiftness             Air            47%          1%          2
c - Static Discharge      Conj/Air       46%          1%          3
d - Airstrike             Air            23%          1%          4
e - Lightning Bolt        Conj/Air       23%          1%          5

Your spell library contained the following spells:

 Spells                   Type           Power        Failure   Level


Dungeon Overview and Level Annotations

Branches:
Dungeon (7/15)             Temple (1/1) D:6

Altars:
Ashenzari
Elyvilon
Fedhas
Gozag
Hepliaklqana
Kikubaaqudgha
Makhleb
Nemelex Xobeh
Okawaru
Qazlal
Ru
Sif Muna
Trog
Uskayaw
Vehumet
Wu Jian
Xom
Yredelemnul
Zin
The Shining One

Shops:
D:4 (

Annotations:
D:3 3 runed translucent doors, quoriil's ghost, amateur TrAK


Innate Abilities, Weirdness & Mutations

You have a beak for a mouth.
You have claws for feet.
You can fly continuously.


Message History

Aiming: Shock (safe; 1% risk of failure)
Press: ? - help, Q - select action, (/) - cycle Shift-Dir - straight line The zap hits the wraith but does no damage.
The wraith is almost destroyed.
The zap misses the wraith.
The wraith hits you!
* * * LOW HITPOINT WARNING * * *
The wraith drains your vigour!
You feel as though you will be slow longer.
The wraith hits you!
* * * LOW HITPOINT WARNING * * *
The wraith drains your vigour!
You feel as though you will be slow longer.
You take 21 damage, and have 5/49 hp.
MASSIVE DAMAGE!!
You now have 11/17 mp.
Aiming: Shock (safe; 1% risk of failure)
Press: ? - help, Q - select action, (/) - cycle Shift-Dir - straight line The zap hits the wraith.
You destroy the wraith!
The wraith hits you!
You die...

##### ############...#
#..............#
#.###########..# #.# *
#W.#..###### #.# ,
#@#.......# ######.# ,,
*#..#........# .......#,
#.#.##.......# ....#..#,
#)*.#{#.......# ....##.##
#. .# *#.......# ....##..#
#*## #.......# .......#.#
* ..#.......# *8
....#..#..# ##..#.......#
...<##..######.##........#


You could see a wraith.

Vanquished Creatures
  Maggie (D:7)
  A wraith (D:7)
  Menkaure (D:5)
  An orc warrior (D:7)
  An ice beast (D:6)
  3 ogres
  3 centaurs
  Blork the orc (D:5)
  A bullfrog (D:6)
  3 scorpions
  A howler monkey (D:4)
  3 orc wizards
  4 orc priests
  2 bullfrog skeletons (D:5)
  A hound (D:4)
  A centaur skeleton (D:5)
  3 iguanas
  2 worker ants
  A hound zombie (D:7)
  A hound skeleton (D:2)
  2 worker ant zombies
  7 adders
  4 white imps
  4 oozes
  An adder zombie (D:5)
  4 worms
  2 dart slugs (D:3)
  2 leopard geckos
  28 orcs
  2 giant cockroaches
  7 goblins
  9 hobgoblins
  2 jackals (D:5)
  5 kobolds
  4 quokkas
  5 ball pythons
  6 bats
  4 frilled lizards
  3 jackal skeletons (D:6)
  6 rats
142 creatures vanquished.

Notes
Turn   | Place    | Note
-------+----------+-------------------------------------------
     0 | D:1      | jasper the Tengu Air Elementalist began the quest for the
                  | Orb.
     0 | D:1      | Reached XP level 1. HP: 10/10 MP: 4/4
   284 | D:1      | Reached XP level 2. HP: 15/15 MP: 3/6
   287 | D:1      | Learned a level 2 spell: Swiftness
  1085 | D:2      | Found a broken altar of Ashenzari.
  1122 | D:2      | Became a worshipper of Ashenzari the Shackled
  1273 | D:2      | Reached XP level 3. HP: 19/19 MP: 3/7
  1488 | D:2      | Learned a level 3 spell: Static Discharge
  2193 | D:2      | Found a shimmering blue altar of Sif Muna.
  2263 | D:3      | Reached XP level 4. HP: 24/24 MP: 2/9
  2501 | D:3      | Reached skill level 5 in Air Magic
  2734 | D:3      | Noticed quoriil's ghost (amateur TrAK)
  2750 | D:3      | Gained mutation: You can fly continuously. [Tengu growth]
  2750 | D:3      | Reached XP level 5. HP: 24/28 MP: 1/10
  2838 | D:2      | Learned a level 4 spell: Airstrike
  3177 | D:3      | Found a runed translucent gate.
  3177 | D:3      | Found a runed translucent gate.
  3177 | D:3      | Found a runed translucent gate.
  3415 | D:4      | Reached XP level 6. HP: 32/32 MP: 9/12
  3578 | D:4      | Identified the +7 chain mail of Poaxtuwk {Int+3 Dex+4
                  | Slay+3}
  3699 | D:4      | Reached skill level 5 in Conjurations
  3859 | D:4      | Reached * piety under Ashenzari
  3871 | D:4      | Found Neicso Lipn's Antique Weapon Shoppe.
  4041 | D:5      | Entered Level 5 of the Dungeon
  4049 | D:5      | Noticed Menkaure
  4057 | D:5      | Reached XP level 7. HP: 10/36 MP: 0/14
  4849 | D:5      | Killed Menkaure
  4850 | D:5      | Reached skill level 5 in Spellcasting
  4850 | D:5      | Reached XP level 8. HP: 23/41 MP: 13/16
  4856 | D:5      | Learned a level 5 spell: Lightning Bolt
  5436 | D:5      | Noticed Blork the orc
  5442 | D:5      | Killed Blork the orc
  5837 | D:6      | Found a sparkling altar of Nemelex Xobeh.
  5854 | D:6      | Reached skill level 1 in Fighting
  6287 | D:6      | Found a staircase to the Ecumenical Temple.
  6302 | Temple   | Entered the Ecumenical Temple
  6935 | D:6      | Reached XP level 9. HP: 41/48 MP: 10/17
  7318 | D:7      | Found a glowing silver altar of Zin.
  7480 | D:7      | Reached ** piety under Ashenzari
  7523 | D:7      | Noticed Maggie
  7542 | D:7      | Killed Maggie
  7844 | D:7      | Found the +5 scythe "Finisher" {speed, eviscerate}
  7855 | D:7      | Slain by a wraith

Illustrated notes

Levels and vault maps discovered:
D:1:      lightli_arrival_lavapool, layout_basic
D:2:      layout_basic, led_sif_pool, old_standard_altar, kennysheep_potato
D:3:      layout_basic, gammafunk_ghost_icy, guppyfry_early_orc_mine
D:4:      layout_loops_ring, serial_shops, nicolae_shop_trees
D:5:      layout_basic, uniq_blork_the_orc, uniq_menkaure
D:6:      layout_gridville, minmay_temple_entry_ruins, basic_altar
D:7:      layout_basic, nicolae_overflow_crystal_walls,
          nicolae_overflow_hidden_temple, minmay_guarded_unrand_finisher,
          uniq_maggie
Temple:   minmay_crystal_spiral_temple

Skill      XL: |  1  2  3  4  5  6  7  8  9 |
---------------+----------------------------+-----
Conjurations   | 2 3 4 5 6 8 9 |  9.1
Air Magic      | 5 6 7 9 |  9.9
Spellcasting   | 3 4 5 |  5.0
Fighting       | 2 |  2.9
Dodging        | 3 4 |  4.1
Stealth        | |  2.0
Evocations     | |  0.9

Action                   |  1- 3 |  4- 6 |  7- 9 || total
-------------------------+-------+-------+-------++-------
Melee: Dagger            |    17 |     1 |    14 ||    32
       Kick              |     5 |     1 |     3 ||     9
       Peck              |     1 |       |     3 ||     4
 Fire: Hunting sling     |     5 |       |       ||     5
 Cast: Shock             |    77 |   129 |   229 ||   435
       Static Discharge  |       |     3 |     4 ||     7
       Swiftness         |       |     1 |     1 ||     2
       Airstrike         |       |       |     1 ||     1
Invok: Curse Item        |     2 |     2 |     1 ||     5
Evoke: Wand              |       |       |     2 ||     2
  Use: Scroll            |     1 |       |       ||     1
       Potion            |       |     2 |       ||     2
Armor: Robe              |     5 |     2 |     5 ||    12
Dodge: Dodged            |    15 |    20 |    50 ||    85

Table legend: (Time is in decaauts)
 A = Elapsed time spent in this place.
 B = Non-inter-level travel time spent in this place.
 C = Inter-level travel time spent in this place.
 D = Time resting spent in this place.
 E = Time spent auto-exploring this place.
 F = Levels seen in this place.
 G = Mean time per level.
                   A        B        C        D        E       F      G
               +--------+--------+--------+--------+--------+-----+--------+
         Total |   7856 |   7605 |    251 |   1087 |   5658 |   8 |  982.0 |
       Dungeon |   7688 |   7520 |    168 |   1087 |   5575 |   7 | 1098.3 |
        Temple |    167 |     84 |     83 |      0 |     83 |   1 |  167.0 |
               +--------+--------+--------+--------+--------+-----+--------+

Top non-repeatable levels by time:
     D:5: 1506 daAuts
     D:2: 1301 daAuts
     D:6: 1152 daAuts
     D:1: 1082 daAuts
     D:3: 953 daAuts
     D:4: 942 daAuts
     D:7: 750 daAuts
  Temple: 167 daAuts
